 Dungeon Crawl Stone Soup version 0.21-a0-155-gb8a8bae (webtiles) character file.

1966 namelastname112 the Grappler (level 9, -13/80 (81) HPs)
             Began as a Pale Draconian Wanderer on Aug 3, 2017.
             Was an Initiate of Wu Jian.
             Mangled by a death yak (25 damage)
             ... on level 8 of the Dungeon.
             The game lasted 00:10:21 (5629 turns).

namelastname112 the Grappler (DrWn)                 Turns: 5629, Time: 00:10:22

HP:   -13/80 (81)   AC: 11    Str: 16      XL:     9   Next: 0%
MP:   17/17         EV: 13    Int: 18      God:    Wu Jian [......]
Gold: 142           SH:  0    Dex: 10 (11) Spells: 9/9 levels left

rFire    . . .     SeeInvis .   o - +4 quarterstaff (chaos)
rCold    . . .     Gourm    .   (shield currently unavailable)
rNeg     . . .     Faith    .   (armour unavailable)
rPois    .         Spirit   .   (helmet restricted)
rElec    .         Reflect  .   p - +0 cloak
rCorr    .         Harm     .   (no gloves)
MR       +....                  B - +2 pair of boots of the Assassin {Detection Stab+ Stlth++}
Stlth    ++++......             (no amulet)
HPRegen  0.23/turn              H - +4 ring of intelligence
MPRegen  0.15/turn              r - ring of magical power

@: no status effects
A: breathe steam, unfitting armour, deterioration 1, low mp 1, magic resistance
1, sense surroundings 1, cold-blooded, AC +7
a: Breathe Steam, Renounce Religion


You were on level 8 of the Dungeon.
You worshipped Wu Jian.
Wu Jian was noncommittal.
You were near starving.

You visited 1 branch of the dungeon, and saw 8 of its levels.

You collected 478 gold pieces.
You spent 336 gold pieces at shops.

Inventory:

Hand Weapons
 o - a +4 quarterstaff of chaos (weapon)
Armour
 p - a +0 cloak (worn)
 B - the +2 pair of boots of the Assassin (worn) {Detection Stab+ Stlth++}
   (You found it on level 4 of the Dungeon)

   It makes you much more stealthy.
Jewellery
 c - a +2 ring of evasion
 d - a +3 ring of dexterity {unknown}
 r - a ring of magical power (right hand)
 A - a cursed ring of teleportation {unknown}
 H - a +4 ring of intelligence (left hand)
Wands
 m - a wand of iceblast (2/15)
 v - a wand of clouds (4/9)
 L - a wand of scattershot (3/9)
Scrolls
 e - 2 scrolls of enchant weapon
 j - a scroll of fog
 s - 3 scrolls of magic mapping
 t - a scroll of blinking
 x - 4 scrolls of remove curse
 y - 5 scrolls of teleportation
 J - a scroll of immolation
Potions
 b - 2 potions of berserk rage
 h - a potion of invisibility
 l - 3 potions of curing
 n - a potion of ambrosia
 q - a potion of heal wounds
 u - 2 potions of resistance
 w - a potion of lignification
 z - a potion of flight {unknown}
 K - a potion of magic {unknown}
Books
 a - a book of Changes

   Spells                             Type                      Level
   a - Beastly Appendage              Transmutation                1
   b - Sticks to Snakes               Transmutation                2
   c - Spider Form                    Transmutation/Poison         3
   d - Ice Form                       Ice/Transmutation            4
   e - Blade Hands                    Transmutation                5
 G - Sif Muna's Papyrus of Creative Combat Magic
   (You found it on level 5 of the Dungeon)

   Spells                             Type                      Level
   a - Call Imp                       Summoning                    2
   b - Conjure Flame                  Conjuration/Fire             3
   c - Mephitic Cloud                 Conjuration/Poison/Air       3
   d - Summon Lightning Spire         Summoning/Air                4
Comestibles
 f - 6 bread rations
 i - 2 royal jellies
 k - 2 meat rations
 C - 5 fruits


   Skills:
 - Level 8.1 Fighting
 - Level 3.8 Dodging
 - Level 1.7 Stealth
   Level 1.0 Shields
 * Level 9.8 Unarmed Combat
 + Level 0.5 Spellcasting
 - Level 1.1 Evocations


You had 9 spell levels left.
You didn't know any spells.

Dungeon Overview and Level Annotations

Branches:
Dungeon (8/15)             Temple (0/1) D:6
   Lair: D:8-11

Altars:
Fedhas
Gozag
Makhleb
Okawaru
Vehumet
Wu Jian
Xom
Yredelemnul

Shops:
D:4 ?:[:   D:5 %


Innate Abilities, Weirdness & Mutations

You can breathe blasts of scalding, opaque steam.
Your pale cyan-grey scales are hard. (AC +7)
You cannot fit into any form of body armour.
You are cold-blooded and may be slowed by cold attacks.
Your body sometimes deteriorates upon taking damage.
Your magical capacity is low. (-10% MP)
You are resistant to hostile enchantments. (MR+)
You passively map a small area around you.


Message History

The death yak is moderately wounded.
The death yak gores you!!
Your body deteriorates!
You feel clumsy.
You take 26 damage, and have 42/80 hp.
MASSIVE DAMAGE!!
You have got your breath back.
The death yak looks more healthy.
Press: ? - help, Shift-Dir - straight line, f/p - death yak
Aim: a death yak (moderately wounded)
You exhale a blast of scalding steam.
The ball of steam hits the death yak.
The death yak is moderately wounded.
You feel slightly more hungry. The death yak gores you!!
You take 19 damage, and have 25/80 hp.
MASSIVE DAMAGE!!
You have got your breath back.
You hit the death yak. You burn the death yak.
You tail-slap the death yak, but do no damage.
The death yak is lightly wounded.
The death yak gores you!!
* * * LOW HITPOINT WARNING * * *
The death yak gores you!!
You die...

#.* , #. **### * , ,.. ,
..# * #.* #.# #. #.# *
#.* #.########.# *
#.######..........# ,
#.<.@Y.......# * ,
#..#########.######## ,
,* #..# #.##...†.r * ,
#..# #.##.##### , #.##..#
#.##.# * *##....#
######.##.####.
...#.###.#
#.....#........
#......####.####.##.#####
#####.......# #....#


You could see a death yak.

Vanquished Creatures
  The ghost of Lunath the Transmogrifier, a novice FeTm of Sif Muna (D:7)
  A hippogriff (D:7)
  A water moccasin (D:7)
  Duvessa (D:5)
  A swamp drake (shapeshifter) (D:7)
  An ice beast (D:6)
  A necrophage (D:7)
  A centaur (D:6)
  3 ogres
  A scorpion (D:7)
  Dowan (D:5)
  A howler monkey (D:7)
  4 crimson imps
  A jelly (D:6)
  Crazy Yiuf (D:2)
  3 hounds
  An iguana (D:5)
  2 hell rats (D:8)
  3 worker ants
  A hound skeleton (D:4)
  A hound zombie (D:7)
  A worker ant zombie (D:7)
  4 adders
  A river rat (D:8)
  3 shadow imps
  4 worms
  A dart slug (D:2)
  2 leopard geckos
  8 orcs
  5 giant cockroaches
  3 hobgoblins
  14 jackals
  A quokka (D:7)
  A ball python (D:2)
  3 bats
  4 frilled lizards
  5 goblins
  7 kobolds
  2 leopard gecko zombies
  9 rats
  A fungus (D:2)
110 creatures vanquished.

Notes
Turn   | Place    | Note
-------+----------+-------------------------------------------
     0 | D:1      | namelastname112 the Draconian Wanderer began the quest for the Orb.
     0 | D:1      | namelastname112 set off with: a +2 dagger, a potion of berserk rage, a +0 mace, a +0 spear, a bread ration
     0 | D:1      | Reached XP level 1. HP: 25/25 MP: 1/1
    89 | D:1      | Reached skill level 1 in Dodging
   170 | D:1      | Reached XP level 2. HP: 21/31 MP: 2/2
   739 | D:2      | Reached XP level 3. HP: 36/38 MP: 3/3
  1077 | D:2      | Found a runed door.
  1081 | D:2      | Noticed Crazy Yiuf
  1086 | D:2      | Killed Crazy Yiuf
  1086 | D:2      | Reached XP level 4. HP: 47/47 MP: 4/4
  1548 | D:3      | Found a burning altar of Makhleb.
  1549 | D:3      | Found a shimmering altar of Xom.
  1555 | D:3      | Reached XP level 5. HP: 52/52 MP: 5/5
  1682 | D:4      | Found Qell's Magic Scroll Shop.
  1685 | D:4      | Bought a scroll of teleportation for 36 gold pieces
  1701 | D:4      | Found a basalt altar of Yredelemnul.
  1731 | D:4      | Found Reepatwi's Book Shoppe.
  2097 | D:4      | Found an iron altar of Okawaru.
  2420 | D:4      | Found Weedgh's Armour Shop.
  2456 | D:4      | Found Witauly's Book Emporium.
  2526 | D:5      | Entered Level 5 of the Dungeon
  2557 | D:5      | Identified Sif Muna's Papyrus of Creative Combat Magic
  2680 | D:5      | Reached skill level 1 in Unarmed Combat
  2716 | D:5      | Noticed Duvessa
  2716 | D:5      | Noticed Dowan
  2725 | D:5      | Noticed an ogre
  2733 | D:5      | Killed Dowan
  2733 | D:5      | Reached XP level 6. HP: 50/61 MP: 6/6
  2752 | D:5      | Reached skill level 2 in Unarmed Combat
  2759 | D:5      | Killed Duvessa
  2806 | D:5      | Found Suligro's Food Shop.
  3144 | D:5      | Gained mutation: Your magical capacity is low. (-10% MP) [potion of mutation]
  3144 | D:5      | Gained mutation: You are resistant to hostile enchantments. (MR+) [potion of mutation]
  3169 | D:6      | Reached skill level 3 in Unarmed Combat
  3288 | D:6      | Noticed an ice beast
  3295 | D:6      | Killed an ice beast
  3295 | D:6      | Reached skill level 4 in Unarmed Combat
  3295 | D:6      | Your scales start taking on a pale cyan-grey colour.
  3295 | D:6      | Reached XP level 7. HP: 54/68 MP: 7/7
  3434 | D:6      | Reached skill level 5 in Unarmed Combat
  3602 | D:6      | Found an ornate altar of the Wu Jian Council.
  3635 | D:5      | Found an opulent altar of Gozag.
  3725 | D:6      | Found a staircase to the Ecumenical Temple.
  3824 | D:6      | Found a blossoming altar of Fedhas.
  4043 | D:6      | Reached skill level 6 in Unarmed Combat
  4321 | D:7      | Noticed Lunath's ghost (novice FeTm)
  4323 | D:7      | Reached XP level 8. HP: 58/74 MP: 7/7
  4328 | D:7      | Killed Lunath's ghost
  4328 | D:7      | Reached skill level 7 in Unarmed Combat
  4338 | D:7      | Gained mutation: Your body sometimes deteriorates upon taking damage. [mutagenic meat]
  4339 | D:7      | Gained mutation: You passively map a small area around you. [mutagenic meat]
  4365 | D:7      | Reached skill level 8 in Unarmed Combat
  4366 | D:7      | Noticed a hippogriff
  4375 | D:7      | Killed a hippogriff
  4802 | D:7      | Reached skill level 9 in Unarmed Combat
  4936 | D:6      | Found a radiant altar of Vehumet.
  4945 | D:6      | Became a worshipper of the Wu Jian Council
  5415 | D:4      | Bought a book of Changes for 300 gold pieces
  5554 | D:8      | Noticed a death yak
  5574 | D:8      | Reached XP level 9. HP: 80/80 MP: 8/8
  5575 | D:8      | Noticed a death yak
  5629 | D:8      | Mangled by a death yak

Vault maps used:
D:1:      lemuel_arrival_room, fountainhead, minmay_tromino_mix6
D:2:      uniq_crazy_yiuf_cottage
D:3:      grunt_temple_overflow_champion_of_chaos, first_bread
D:4:      overflow_temple_1_default, lemuel_doored_altar, serial_shops,
          nicolae_shop_crystal, kennysheep_mini, shop, shop
D:5:      lemuel_upstairs_altar, serial_shops, shop_statue, fountainhead,
          uniq_duvessa
D:6:      kennysheep_little_box, nicolae_overflow_hidden_temple,
          minmay_temple_entry_enclosed_plants
D:8:      good_gods_temple_1, gammafunk_temple_overflow_statue,
          dpeg_lair_monsters, the_bakery, grunt_decor_mini_mirrors

Skill      XL: |  1  2  3  4  5  6  7  8 |
---------------+-------------------------+-----
Dodging        | 1 2 3 |  3.8
Fighting       | 7 8 |  8.1
Unarmed Combat | 1 4 6 9 |  9.8
Stealth        | |  1.7
Shields        | |  1.0
Spellcasting   | |  0.5
Evocations     | |  1.1

Action                   |  1- 3 |  4- 6 |  7- 9 || total
-------------------------+-------+-------+-------++-------
Melee: Dagger            |   129 |       |       ||   129
       Tailslap          |    21 |     9 |    17 ||    47
       Quarterstaff      |       |   108 |   136 ||   244
 Abil: Breathe Steam     |       |       |     7 ||     7
Evoke: Wand              |     1 |     1 |       ||     2
  Use: Scroll            |       |     8 |    13 ||    21
       Potion            |       |     1 |       ||     1
 Stab: Sleeping          |     2 |     8 |     2 ||    12
       Paralysed         |       |       |     3 ||     3
  Eat: Chunk             |       |     8 |     7 ||    15
       Royal jelly       |       |       |     1 ||     1
Armor: Skin              |    51 |    21 |    51 ||   123
Dodge: Dodged            |    91 |    83 |    91 ||   265
